 Dungeon Crawl Stone Soup version 0.29.1-2-gbd0b4ee654 (webtiles) character file.

Game seed: 7379263747065757662

1376 RascalDebosk the Magician (level 8, 0/59 HPs)
             Began as a Djinni Air Elementalist on Oct 23, 2022.
             Slain by a hellwing (2 damage)
             ... on level 8 of the Dungeon.
             The game lasted 00:30:13 (7007 turns).

RascalDebosk the Magician (Djinni Air Elementalist) Turns: 7007, Time: 00:30:14

Health: 0/59       AC:  6    Str:  7    XL:     8   Next: 98%
Gold:   59         EV: 13    Int: 20    God:
                   SH:  0    Dex: 13

rFire   + + .      SeeInvis .   x - +9 mace "Dragon's Tongue" {drain, rC+ rCorr}
rCold   . . .      Faith    .   (no shield)
rNeg    . . .      Spirit   .   w - +0 robe
rPois   ∞          Reflect  .   (no helmet)
rElec   .          Harm     .   a - +2 cloak
rCorr   +          Rampage  .   f - +0 pair of gloves
Will    .....                   (boots unavailable)
Stlth   ++........              (no amulet)
HPRegen 0.19/turn               (no ring)
MPRegen 0.00/turn               (no ring)

@: flying, very slightly contaminated
A: sickness immunity, fire resistance 2, cold vulnerability 1, float, innate
caster, HP casting, extra vitality 1
a: no special abilities


You were on level 8 of the Dungeon.
You visited 1 branch of the dungeon, and saw 7 of its levels.

You collected 251 gold pieces.
You spent 192 gold pieces at shops.

Inventory:

Hand Weapons
 u - a +0 quarterstaff
 x - the +9 mace "Dragon's Tongue" (weapon) {drain, rC+ rCorr}
   (You found it on level 6 of the Dungeon)

   A truly terrible weapon, it drains the life of any living foe it strikes.
   rC:        It protects you from cold.
   rCorr:     It protects you from acid and corrosion.
Armour
 a - a +2 cloak (worn)
 f - a +0 pair of gloves (worn)
 w - a +0 robe (worn)
Wands
 c - a wand of flame (16)
Scrolls
 g - a scroll of blinking
 h - a scroll of fear {unknown}
 i - a scroll of identify
 j - a scroll of magic mapping {unknown}
 m - a scroll of immolation {unknown}
 o - a scroll of butterflies {unknown}
 q - a scroll of noise {unknown}
 r - a scroll of torment {unknown}
 s - a scroll of brand weapon {unknown}
 t - a scroll of teleportation
 z - a scroll of silence {unknown}
Potions
 b - a potion of resistance
 d - a potion of brilliance
 e - a potion of ambrosia
 k - 2 potions of haste
 l - 2 potions of attraction
 n - 5 potions of curing
 p - a potion of invisibility
 v - a potion of mutation
 y - a potion of might


   Skills:
 + Level 5.2 Fighting
 - Level 5.0 Dodging
 - Level 1.5 Stealth
 * Level 6.4 Spellcasting
 + Level 0.5 Evocations


You had 3 spell levels left.
You knew the following spells:

 Your Spells              Type           Power      Damage    Failure   Level
a - Shock                 Conj/Air       100%       1d9       1%          1
b - Static Discharge      Conj/Air       32%        3-7/arc   1%          2
c - Swiftness             Air            32%        N/A       2%          3
d - Airstrike             Air            16%        2d(3-19)  7%          4
e - Magic Dart            Conj           100%       1d8       1%          1
f - Searing Ray           Conj           64%        2d6       1%          2
g - Dazzling Flash        Conj/Hex       64%        N/A       2%          3
Your spell library was empty.

Dungeon Overview and Level Annotations

Branches:
Dungeon (6/15)               Lair (0/5) D:8
 Temple: D:4-7

Altars:
Dithmenos

Shops:
D:5 !

Annotations:
D:5 3 runed translucent doors, fireball365's ghost, weakling MiDe


Innate Abilities, Weirdness & Mutations

You are immune to sickness and miasma.
You are immune to poison.
Your flesh is very heat resistant. (rF++)
You are vulnerable to cold. (rC-)
You float through the air rather than walking.
You learn spells naturally, not from books.
Your magical power is your life essence.
You have superior vitality. (+4 MHP)


Message History

Confirm with . or Enter, or press ? or * to list all spells.
The centaur warrior skeleton is struck by an arc of lightning!
The centaur warrior skeleton is lightly damaged.
You are struck by an arc of lightning.
The lightning grounds out.
The centaur warrior skeleton closely misses you.
The centaur warrior skeleton kicks you but does no damage.
The centaur warrior skeleton hits you.
The centaur warrior skeleton closely misses you.
Casting: Static Discharge (safe; 1% risk of failure)
Confirm with . or Enter, or press ? or * to list all spells.
The centaur warrior skeleton is struck by an arc of lightning!
The centaur warrior skeleton is moderately damaged.
You are struck by an arc of lightning.
The centaur warrior skeleton is struck by an arc of lightning.
The centaur warrior skeleton is moderately damaged.
You are struck by an arc of lightning.
* * * LOW HITPOINT WARNING * * *
The lightning grounds out.
* * * LOW HITPOINT WARNING * * *
The centaur warrior skeleton hits you!
* * * LOW HITPOINT WARNING * * *
The centaur warrior skeleton barely misses you.
Casting: Static Discharge (safe; 1% risk of failure)
Confirm with . or Enter, or press ? or * to list all spells.
The centaur warrior skeleton is struck by an arc of lightning.
The centaur warrior skeleton is moderately damaged.
You are struck by an arc of lightning.
* * * LOW HITPOINT WARNING * * *
The centaur warrior skeleton is struck by an arc of lightning!
The centaur warrior skeleton is heavily damaged.
You are struck by an arc of lightning.
* * * LOW HITPOINT WARNING * * *
The centaur warrior skeleton is struck by an arc of lightning!
The centaur warrior skeleton is severely damaged.
The lightning grounds out.
* * * LOW HITPOINT WARNING * * *
The centaur warrior skeleton closely misses you.
The centaur warrior skeleton barely misses you.
Casting: Static Discharge (safe; 1% risk of failure)
Confirm with . or Enter, or press ? or * to list all spells.
The centaur warrior skeleton is struck by an arc of lightning.
The centaur warrior skeleton is severely damaged.
You are struck by an arc of lightning.
* * * LOW HITPOINT WARNING * * *
The centaur warrior skeleton is struck by an arc of lightning.
The centaur warrior skeleton is almost destroyed.
The hellwing is struck by an arc of lightning!
The hellwing is lightly wounded.
The centaur warrior skeleton is struck by an arc of lightning.
The centaur warrior skeleton is almost destroyed.
The lightning grounds out.
* * * LOW HITPOINT WARNING * * *
The centaur warrior skeleton barely misses you.
The centaur warrior skeleton kicks you but does no damage.
Casting: Static Discharge (safe; 1% risk of failure)
Confirm with . or Enter, or press ? or * to list all spells.
The hellwing is struck by an arc of lightning!
The hellwing is moderately wounded.
You are struck by an arc of lightning.
* * * LOW HITPOINT WARNING * * *
The lightning grounds out.
* * * LOW HITPOINT WARNING * * *
You hear the slow hiss of a distant avalanche of sand.
You hear the faint creaking of a very distant portcullis.
Casting: Static Discharge (safe; 1% risk of failure)
Confirm with . or Enter, or press ? or * to list all spells.
The hellwing is struck by an arc of lightning!
The hellwing is heavily wounded.
You are struck by an arc of lightning.
* * * LOW HITPOINT WARNING * * *
The hellwing is struck by an arc of lightning!
The hellwing is severely wounded.
The lightning grounds out.
* * * LOW HITPOINT WARNING * * *
The hellwing hits you but does no damage.
The hellwing closely misses you.
Casting: Static Discharge (safe; 1% risk of failure)
Confirm with . or Enter, or press ? or * to list all spells.
The hellwing is struck by an arc of lightning!
The hellwing is almost dead.
You are struck by an arc of lightning.
* * * LOW HITPOINT WARNING * * *
The hellwing is struck by an arc of lightning.
The hellwing is almost dead.
The lightning grounds out.
* * * LOW HITPOINT WARNING * * *
The hellwing barely misses you. The hellwing closely misses you.
Casting: Static Discharge (safe; 1% risk of failure)
Confirm with . or Enter, or press ? or * to list all spells.
You don't have enough health to cast this spell.
Aiming: Shock (safe; 1% risk of failure)
Press: ? - help, Q - select action, (/) - cycle Shift-Dir - straight line, f/p - centaur warrior skeleton
Aim: a centaur warrior skeleton (almost destroyed, 100% to hit)
The zap hits the hellwing but does no damage.
The hellwing is almost dead.
The zap hits the centaur warrior skeleton.
The centaur warrior skeleton is almost destroyed.
* * * LOW HITPOINT WARNING * * *
The hellwing hits you.
You die...

.####......#.##.PP#
##.....#..#...#
#...##.#...≈. .
###...##....###..
#....###.........
#.#............#
...#Z#####..###.#
..####4#####..###.#
. #...@...........#
####.###.#..###.#
.........#..#
..##.###.#..# #.#
#.#### #.###.#
#.##..# ..##..#
#.##


You could see a hellwing and a centaur warrior skeleton.

Vanquished Creatures
  A water moccasin (D:5)
  2 black bears
  An ogre (D:6)
  3 phantoms
  A bullfrog (D:8)
  2 scorpions
  2 orc priests
  2 jellies (D:5)
  2 hounds (D:4)
  Ijyb (D:4)
  Natasha (thrice) (D:4)
  3 iguanas
  3 orc wizards (D:5)
  4 adders
  A shadow imp (D:5)
  A white imp (D:5)
  2 ufetubi (D:5)
  A worm (D:2)
  4 dart slugs
  18 orcs
  4 ball pythons
  7 endoplasms
  4 giant cockroaches
  4 hobgoblins
  2 jackals (D:1)
  7 kobolds
  4 quokkas
  5 bats
  4 frilled lizards
  6 goblins
  7 rats
111 creatures vanquished.

Vanquished Creatures (others)
  A withered plant (D:8)
1 creature vanquished.

Grand Total: 112 creatures vanquished

Notes
Turn   | Place    | Note
-------+----------+-------------------------------------------
     0 | D:1      | RascalDebosk the Djinni Air Elementalist began the quest
                  | for the Orb.
     0 | D:1      | RascalDebosk set off with the following spells memorised:
                  | Shock, Static Discharge, Swiftness, Airstrike.
     0 | D:1      | Reached XP level 1. HP: 15/15 MP: 0/0
   357 | D:1      | Reached XP level 2. HP: 18/22 MP: 0/0
   605 | D:1      | Reached skill level 1 in Fighting
   961 | D:1      | Found a faded altar of an unknown god.
  1081 | D:2      | Reached skill level 3 in Spellcasting
  1081 | D:2      | Reached XP level 3. HP: 22/27 MP: 0/0
  1081 | D:2      | Learned a level 1 spell: Magic Dart
  1937 | D:2      | Reached XP level 4. HP: 26/32 MP: 0/0
  3319 | D:3      | Reached XP level 5. HP: 19/39 MP: 0/0
  3319 | D:3      | Learned a level 2 spell: Searing Ray
  3579 | D:3      | Found a shadowy altar of Dithmenos.
  3994 | D:4      | Noticed a phantom
  4002 | D:4      | Killed a phantom
  4003 | D:4      | Reached skill level 4 in Spellcasting
  4003 | D:4      | Reached XP level 6. HP: 18/45 MP: 0/0
  4245 | D:4      | Noticed Ijyb
  4258 | D:4      | Killed Ijyb
  4585 | D:4      | Noticed Natasha
  4589 | D:4      | Killed Natasha
  4591 | D:4      | Noticed Natasha
  4593 | D:4      | Killed Natasha
  4746 | D:4      | Reached XP level 7. HP: 46/50 MP: 0/0
  4746 | D:4      | Learned a level 3 spell: Dazzling Flash
  4802 | D:4      | Noticed Natasha
  4803 | D:4      | Killed Natasha
  5124 | D:5      | Entered Level 5 of the Dungeon
  5662 | D:5      | Reached skill level 5 in Spellcasting
  5938 | D:5      | Noticed a water moccasin
  5946 | D:5      | Killed a water moccasin
  5947 | D:5      | Reached XP level 8. HP: 14/58 MP: 0/0
  6285 | D:5      | Found a runed translucent gate.
  6285 | D:5      | Noticed fireball365's ghost (weakling MiDe)
  6305 | D:5      | Found a runed translucent gate.
  6305 | D:5      | Found a runed translucent gate.
  6586 | D:5      | Found Podwonwiny's Distillery.
  6593 | D:5      | Bought a potion of brilliance for 48 gold pieces
  6593 | D:5      | Bought a potion of might for 48 gold pieces
  6593 | D:5      | Bought a potion of invisibility for 96 gold pieces
  6662 | D:6      | Identified the +9 mace "Dragon's Tongue" {drain, rC+ rCorr}
  6689 | D:6      | Reached skill level 6 in Spellcasting
  6692 | D:6      | Reached skill level 5 in Fighting
  6808 | D:6      | Reached skill level 5 in Dodging
  6955 | D:6      | You are sucked into a shaft and drop 2 floors!
  6977 | D:8      | Found a staircase to the Lair.
  6988 | D:8      | Noticed a hellwing
  7006 | D:8      | HP: 2/59 [/static electricity (3)]
  7007 | D:8      | Slain by a hellwing

Illustrated notes

Levels and vault maps discovered:
D:1:      evilmike_arrival_home_sweet_home, layout_basic,
          hellmonk_ecumenical_altar_inner_sanctum
D:2:      layout_loops_ring, reono_crystal_passage
D:3:      layout_loops_ring, nicolae_overflow_hidden_temple
D:4:      layout_basic, lemuel_tele_altar, uniq_ijyb, uniq_natasha
D:5:      minmay_diamond_boxcup, layout_cave_pools, serial_shops,
          shop_fountains, gammafunk_ghost_split
D:6:      layout_rooms, minmay_temple_entry_stoned_glass, st_stairs_9,
          small_statue_intersection, hangedman_abyss_or_decor_jellyfish_corner,
          minivault_24, kennysheep_small_circle
D:8:      cheibrodos_grave_circle, layout_basic,
          nicolae_hepliaklqana_hippocampus, okawaru_gym_becter,
          dpeg_oklobed_lair, lightli_bailey_entry_fortress, enter_ossuary_5

Skill      XL: |  1  2  3  4  5  6  7  8 |
---------------+-------------------------+-----
Fighting       | 1 2 3 4 5 |  5.2
Spellcasting   | 3 4 5 6 |  6.4
Dodging        | 4 5 |  5.0
Stealth        | |  1.5
Evocations     | |  0.5

Action                   |  1- 3 |  4- 6 |  7- 9 || total
-------------------------+-------+-------+-------++-------
Melee: Rapier            |       |     2 |       ||     2
       Mace              |       |       |     3 ||     3
 Cast: Shock             |    67 |    79 |    96 ||   242
       Static Discharge  |     3 |    10 |    16 ||    29
       Magic Dart        |       |     2 |       ||     2
       Airstrike         |       |     4 |     2 ||     6
       Searing Ray       |       |     2 |     3 ||     5
  Use: Scroll            |     2 |     7 |     1 ||    10
Armor: Robe              |     2 |     3 |    10 ||    15
Dodge: Dodged            |    16 |     8 |    33 ||    57
